cohdb
Replays
Latest Replays
All Replays
Popular Replays
Top Player Replays
Match Explorer
How It Works
Community
CoH3 Stats
Reddit
Sign in to upload your games and track your stats! →
Sign in with Steam
Match 42672979
Unlisted
Match 42672979
Overview
Messages
Build Orders
End
Construct Weapon Support Center
Engineer Squad
M1919 Machine Gun Team
Engineer Squad
Bazooka Squad
M1919 Machine Gun Team
Infantry Support Center
Bazooka Squad
Selects Advanced Infantry Battlegroup
Selects Ammunition Storage
M3 Armored Personnel Carrier
Selects M2A1 105mm Howitzer Emplacement
Improved M9 Bazooka Rockets
Selects 155mm Rapid Artillery Barrage
Bazooka Squad
Bazooka Squad
155mm Rapid Artillery Barrage
류토
Fox Trap
유얼시
Love & Peace
Abeli
759054631
mika
是枝枝吖~
0
0
Comments
sign in to comment!
No comments posted yet!